 Dungeon Crawl Stone Soup version 0.31-a0-986-g5e6e4ef867 (webtiles) character file.

Game seed: 2907789690435294058

434 Dittersdorf the Shield-Bearer (level 7, -1/55 HPs)
             Began as a Human Fighter on Nov 7, 2023.
             Killed from afar by Pikel (17 damage)
             ... with a bolt of dispelling energy
             ... on level 3 of the Dungeon.
             The game lasted 00:03:31 (2813 turns).

Dittersdorf the Shield-Bearer (Human Fighter)       Turns: 2813, Time: 00:03:32

Health: -1/55      AC:  4    Str: 18    XL:     7   Next: 20%
Magic:  7/7        EV:  9    Int:  8    God:
Gold:   92         SH:  9    Dex: 13    Spells: 6/6 levels left

rFire   + . .        a - +0 long sword
rCold   + + .        b - +0 kite shield
rNeg    . . .        j - +1 leather armour of Geydol {rPois rF+ rC+}
rPois   +            (no helmet)
rElec   .            (no cloak)
rCorr   .            (no gloves)
SInv    .            (no boots)
Will    .....        h - amulet of regeneration
Stlth   +            s - ring of protection from cold
HPRegen 1.09/turn    (no ring)
MPRegen 0.10/turn

%: no passive effects
@: no status effects
A: no striking features
a: no special abilities


You were on level 3 of the Dungeon.
You visited 1 branch of the dungeon, and saw 4 of its levels.

You collected 142 gold pieces.
You spent 50 gold pieces at shops.

Inventory:

Hand Weapons
 a - a +0 long sword (weapon)
Armour
 b - a +0 kite shield (worn)
 j - the +1 leather armour of Geydol (worn) {rPois rF+ rC+}
   (You found it on level 2 of the Dungeon)

   rF+:       It protects you from fire.
   rC+:       It protects you from cold.
   rPois:     It protects you from poison
Jewellery
 h - an amulet of regeneration (around neck)
 s - a ring of protection from cold (left hand)
Scrolls
 e - a scroll of butterflies {unknown}
 f - a scroll of teleportation {unknown}
 g - a scroll of revelation {unknown}
 k - a scroll of fear {unknown}
 m - a scroll of amnesia {unknown}
 n - a scroll of fog {unknown}
 o - a scroll of identify {unknown}
Potions
 d - a potion of might
 i - 2 potions of resistance {unknown}
 l - 2 potions of attraction {unknown}
 p - a potion of invisibility {unknown}
 q - 3 potions of heal wounds
 r - a potion of haste {unknown}
 t - a potion of lignification {unknown}
 u - 2 potions of curing {unknown}


   Skills:
 + Level 4.5 Fighting
 + Level 3.9 Long Blades
 + Level 4.5 Armour
 + Level 4.6 Shields


You had 6 spell levels left.
You didn't know any spells.
Your spell library contained the following spells:

 Spells                   Type           Power      Damage    Failure   Level
 Blink                    Tloc           0%         N/A       89%         2
 Poisonous Vapours        Pois/Air       0%         N/A       89%         2
 Wereblood                Tmut           0%         N/A       89%         2
 Mephitic Cloud           Conj/Pois/Air  0%         N/A       98%         3
 Manifold Assault         Tloc           0%         N/A       100%        4
 Freezing Cloud           Conj/Ice/Air   0%         6-21      100%        5
 Irradiate                Conj/Tmut      0%         3d11      100%        5


Dungeon Overview and Level Annotations

Branches:
Dungeon (4/15)
 Temple: D:4-7

Altars:
Lugonu

Shops:
D:3 !

Portals:
Abyss: D:3

Annotations:
D:3 Pikel


Message History

No target in view!
No target in view!
No target in view!
You climb downwards.
Level annotation: Pikel
There is a stone staircase leading up here.
Pikel zaps a wand.
The bolt of dispelling energy hits you!
You climb upwards.
There is a stone staircase leading down, spattered with blood here.
You start resting.
HP restored.
You climb downwards.
Level annotation: Pikel You block the lemure's attack.
There is a stone staircase leading up here.
Pikel hits you with a +1 whip of flaming!
Pikel burns you. The lemure barely misses you.
You climb upwards.
There is a stone staircase leading down, spattered with blood here.
Pikel attacks as he pursues you!
Pikel hits you with a +1 whip of flaming!
Pikel burns you.
Pikel zaps a wand.
The bolt of dispelling energy hits you!
Pikel zaps a wand.
The bolt of dispelling energy hits you!!
* * * LOW HITPOINT WARNING * * *
Pikel says, "You'll feel the lick of my whip!"
Pikel zaps a wand.
The bolt of dispelling energy misses you.
Pikel zaps a wand.
The bolt of dispelling energy hits you!
* * * LOW HITPOINT WARNING * * *
You open the door.
There is an open door here.
You close the door.
Pikel says, "Hell isn't that bad."
Pikel zaps a wand.
The bolt of dispelling energy hits you!
* * * LOW HITPOINT WARNING * * *
Pikel zaps a wand.
The bolt of dispelling energy hits you!
You die...
Pikel says, "See you in Hell!"

########.#.#.#...#...........##.#
# #.#.#.#...#...........#...
########.#.#.#...######.####.#...
##.............).................
##.#####..............#.####.#...
##.###.....##########.#.# #.#...
#........#.##########.#.# #.#.#.
......##5#..............# #.....
..>......K......@.......######.##
.....###.##.#.##.................
.###.#
####..ยง###.........#......
.###+###...##..###........#......
........#.....#.###.......#......
.....(...#..._##.#........#......
.........#..#.#...#.......#......
........####.#...#.#......#......
.#+#+###.##...#.#.#.#.#...####'##


You could see Pikel.

Vanquished Creatures
  Grinder (D:3)
  Sigmund (D:2)
  A lemure (D:3)
  3 adders
  A worm (D:2)
  A dart slug (D:3)
  An orc (D:3)
  7 ball pythons
  5 endoplasms (D:1)
  A giant cockroach (D:1)
  4 goblins
  5 hobgoblins
  4 jackals (D:1)
  A kobold (D:3)
  2 quokkas (D:3)
  3 bats
  6 frilled lizards
  6 rats
  A lurking horror (D:3)
54 creatures vanquished.

Vanquished Creatures (others)
  A lurking horror (D:3)
1 creature vanquished.

Grand Total: 55 creatures vanquished

Notes
Turn   | Place    | Note
-------+----------+-------------------------------------------
     0 | D:1      | Dittersdorf the Human Fighter began the quest for the Orb.
     0 | D:1      | Reached XP level 1. HP: 18/18 MP: 1/1
   141 | D:1      | Reached XP level 2. HP: 23/24 MP: 2/2
   376 | D:1      | Reached XP level 3. HP: 28/29 MP: 3/3
   835 | D:2      | Noticed Sigmund
   894 | D:2      | Identified the +1 leather armour of Geydol {rPois rF+ rC+}
  1071 | D:2      | Killed Sigmund
  1072 | D:2      | Reached XP level 4. HP: 20/37 MP: 4/4
  1072 | D:2      | Reached XP level 5. HP: 23/42 MP: 5/5
  1072 | D:2      | Reached XP level 6. HP: 27/48 MP: 6/6
  1444 | D:2      | Identified the +6 quarterstaff of Courage {freeze, Str+4}
  1716 | D:3      | Noticed Grinder
  1727 | D:3      | Paralysed by Grinder for 4 turns
  1736 | D:3      | Paralysed by Grinder for 5 turns
  1752 | D:3      | Paralysed by Grinder for 5 turns
  1759 | D:3      | Paralysed by Grinder for 3 turns
  1779 | D:3      | Killed Grinder
  1780 | D:3      | Reached XP level 7. HP: 42/55 MP: 7/7
  1798 | D:3      | Found a one-way gate to the infinite horrors of the Abyss.
  1828 | D:3      | Found a corrupted altar of Lugonu.
  2471 | D:3      | Found Hurghacea's Distillery.
  2477 | D:3      | Bought a potion of heal wounds for 50 gold pieces
  2740 | D:4      | Noticed Pikel
  2813 | D:3      | Killed from afar by Pikel

Illustrated notes

Levels and vault maps discovered:
D:1:      kennysheep_arrival_seaside, layout_basic, dk_noncrumbling_2
D:2:      layout_basic, uniq_sigmund
D:3:      layout_basic, serial_shops, shop, amcnicky_altar_lugonu_corruption,
          uniq_grinder
D:4:      layout_gridville, uniq_pikel

Skill      XL: |  1  2  3 |
---------------+----------+-----
Fighting       | 4 |  4.5
Long Blades    | 3 |  3.9
Armour         | 4 |  4.5
Shields        | 4 |  4.6

Action                     |  1- 3 |  4- 6 |  7- 9 || total
---------------------------+-------+-------+-------++-------
  Melee: Long sword        |    87 |    36 |    62 ||   185
    Use: Scroll            |       |       |     1 ||     1
   Stab: Sleeping          |       |       |     2 ||     2
 Armour: Scale mail        |    40 |       |       ||    40
         Leather armour    |    18 |    18 |    45 ||    81
  Dodge: Dodged            |    28 |     8 |    20 ||    56
  Block: Buckler           |    16 |       |       ||    16
         Kite shield       |    10 |    13 |    34 ||    57

Table legend: (Time is in decaauts)
 A = Elapsed time spent in this place.
 B = Non-inter-level travel time spent in this place.
 C = Inter-level travel time spent in this place.
 D = Time resting spent in this place.
 E = Time spent auto-exploring this place.
 F = Levels seen in this place.
 G = Mean time per level.
                   A        B        C        D        E       F      G
               +--------+--------+--------+--------+--------+-----+--------+
         Total |   2885 |   2703 |    182 |     10 |   2081 |   4 |  721.2 |
       Dungeon |   2885 |   2703 |    182 |     10 |   2081 |   4 |  721.2 |
               +--------+--------+--------+--------+--------+-----+--------+

Top non-repeatable levels by time:
     D:3: 1184 daAuts
     D:1: 885 daAuts
     D:2: 786 daAuts
     D:4: 29 daAuts
